 Dungeon Crawl Stone Soup version 0.31-a0-83-gbff143cfd1 (webtiles) character file.

Game seed: 11294143845960685284

3597 edwardauron the Skirmisher (level 9, -16/78 HPs)
             Began as a Demigod Hunter on May 25, 2023.
             Killed from afar by an acid dragon (22 damage)
             ... with a splash of acid
             ... on level 8 of the Dungeon.
             The game lasted 00:12:24 (8328 turns).

edwardauron the Skirmisher (Demigod Hunter)         Turns: 8328, Time: 00:12:25

Health: -16/78     AC: 19    Str: 12    XL:     9   Next: 55%
Magic:  11/11      EV: 14    Int: 11    God:
Gold:   227        SH:  0    Dex: 29    Spells: 8/8 levels left

rFire   + + .        a - +1 shortbow
rCold   . . .        (shield currently unavailable)
rNeg    . . .        d - +3 ring mail {rF+}
rPois   .            o - +0 helmet
rElec   .            i - +2 cloak
rCorr   .            (no gloves)
SInv    .            (no boots)
Will    .....        (no amulet)
Stlth   ++           l - ring of protection from fire
HPRegen 0.33/turn    k - +4 ring of protection
MPRegen 0.12/turn

%: no passive effects
@: lethally poisoned (-16 -> -24)
A: high MP 1, forlorn, divine attributes, iridescent scales 1
a: no special abilities


You were on level 8 of the Dungeon.
You visited 1 branch of the dungeon, and saw 8 of its levels.
You also visited: Ossuary and Bailey.

You collected 1247 gold pieces.
You spent 1020 gold pieces at shops.

Inventory:

Hand Weapons
 a - a +1 shortbow (weapon)
 t - the +4 whip "Niaquhurch" {flame, rC+ rN+++ Int-4 Stlth+}
   (You found it on level 2 of the Dungeon)

   Int:       It affects your intelligence (-4).
   rC:        It protects you from cold.
   rN:        It renders you almost immune to negative energy.
   Stlth:     It makes you more stealthy.
Missiles
 D - a throwing net
Armour
 d - a +3 ring mail of fire resistance (worn)
 i - a +2 cloak (worn)
 j - the +0 ring mail of Misanthropy {rN+ Str+3}
   (You found it on level 2 of the Dungeon)

   Str:       It affects your strength (+3).
   rN:        It protects you from negative energy.
 o - a +0 helmet (worn)
 y - a +1 leather armour of cold resistance
 z - a scarf of resistance
Jewellery
 k - a +4 ring of protection (right hand)
 l - a ring of protection from fire (left hand)
Wands
 c - a wand of polymorph (5)
 C - a wand of iceblast (11)
Scrolls
 b - a scroll of immolation
 h - 2 scrolls of teleportation
 m - a scroll of amnesia {unknown}
 n - a scroll of poison
 q - a scroll of fog {unknown}
 u - a scroll of enchant armour
 v - 3 scrolls of blinking
 A - a scroll of enchant weapon
 F - a scroll of magic mapping
Potions
 e - a potion of resistance
 f - 4 potions of degeneration {unknown}
 g - 6 potions of enlightenment {unknown}
 p - 4 potions of cancellation {unknown}
 r - 3 potions of might
 s - a potion of curing
 w - 3 potions of berserk rage {unknown}
 x - a potion of invisibility {unknown}
 E - a potion of brilliance {unknown}


   Skills:
 + Level 6.7 Fighting
 * Level 10.0 Ranged Weapons
 + Level 4.1 Armour
 - Level 5.0 Dodging
 - Level 0.8 Stealth


You had 8 spell levels left.
You didn't know any spells.
Your spell library contained the following spells:

 Spells                   Type           Power      Damage    Failure   Level
 Kiss of Death            Conj/Necr      0%         2d5       58%         1
 Sandblast                Erth           0%         2d4       58%         1
 Slow                     Hex            0%         N/A       58%         1
 Cigotuvi's Dreadful Rot  Necr/Pois/Air  0%         N/A       75%         2
 Lesser Beckoning         Tloc           0%         N/A       75%         2
 Passwall                 Tmut/Erth      0%         N/A       75%         2
 Confusing Touch          Hex            0%         N/A       92%         3
 Gell's Gravitas          Tloc           0%         N/A       92%         3
 Ignite Poison            Fire/Tmut/Pois 0%         N/A       92%         3
 Ozocubu's Armour         Ice            0%         N/A       92%         3
 Stone Arrow              Conj/Erth      0%         3d7       92%         3
 Teleport Other           Tloc           0%         N/A       92%         3
 Vampiric Draining        Necr           0%         2d6       92%         3
 Anguish                  Hex/Necr       0%         N/A       100%        4
 Cause Fear               Hex            0%         N/A       100%        4
 Dispel Undead            Necr           0%         3d6       100%        4
 Summon Ice Beast         Ice/Summ       0%         N/A       100%        4
 Freezing Cloud           Conj/Ice/Air   0%         6-21      100%        5
 Metabolic Englaciation   Hex/Ice        0%         N/A       100%        5
 Simulacrum               Ice/Necr       0%         N/A       100%        6
 Enfeeble                 Hex            0%         N/A       100%        7


Dungeon Overview and Level Annotations

Branches:
Dungeon (8/15)             Temple (0/1) D:4         Ossuary (visited)
 Bailey (visited)
   Lair: D:8-11

Shops:
D:1 **   D:2 !   D:3 [   D:6 [   D:7 [


Innate Abilities, Weirdness & Mutations

You have an increased reservoir of magic. (+10% MP)
You shall have no god before yourself.
Your divine heritage dramatically boosts your attributes as you level up.
You are partially covered in iridescent scales. (AC +2)


Message History

The acid dragon misses you.
The acid dragon claws you but does no damage.
You shoot an arrow. The arrow hits the acid dragon!
The acid dragon is almost dead.
You feel very sick.
The gnoll sergeant hits you from afar with a +3 spear of venom!
You are more poisoned.
The acid dragon bites you but does no damage.
The acid dragon barely misses you.
You shoot an arrow.
The arrow closely misses the acid dragon.
You feel very sick.
The gnoll sergeant hits you but does no damage.
You are more poisoned.
The acid dragon spits acid at you. The splash of acid hits you!
You feel very sick.
The gnoll sergeant throws a stone.
The stone barely misses you.
You feel very sick.
You feel very sick.
You feel very sick. The acid dragon spits acid at you.
The splash of acid hits you!!
* * * LOW HITPOINT WARNING * * *
You feel better.
Fire: a) +1 shortbow
Press: ? - help, Q - select action, (/) - cycle Shift-Dir - straight line, f/p - acid dragon
Aim: an acid dragon (almost dead, 73% to hit)
You shoot an arrow.
The arrow barely misses the acid dragon.
The gnoll sergeant misses you.
The acid dragon bites you but does no damage.
The acid dragon claws you but does no damage.
You feel better.
The gnoll sergeant hits you from afar with a +3 spear of venom.
* * * LOW HITPOINT WARNING * * *
You are lethally poisoned!
The acid dragon spits acid at you. The splash of acid hits you!!
You die...

*,,**,,,*#.#.# #.#
,*,***,**#...# #.#
,*** *,* #.### #.#
,,,***,**#.# #.#
**,*,,,,*#.# #.#
,,,*,*~,*#.#* #.#
**,*,,~,*#..* #.#
,*,**,~,*#.?#####.#
,*,***,,*#..$..D@.#
,*,****,♣...##g####
+*,*,......#*#.#
,****.♣♣♣..,*#.#
,,***,,,♣#,,*#.#
,,**,,****,,*#.#
*+**,~,,**,,*#.#
,,,*,~~⌠**,,,..#
**,*,~~***,,****


You could see an acid dragon (catching breath) and a gnoll sergeant.

Vanquished Creatures
  A water moccasin (D:7)
  9 orc warriors (Bailey)
  2 ice beasts
  2 sky beasts
  2 ogres
  A phantom (D:5)
  A kobold brigand (D:7)
  2 bullfrogs
  An elf zombie (Ossuary)
  2 scorpions (D:4)
  6 wights
  A howler monkey (D:8)
  2 centaur zombies (Ossuary)
  A human zombie (Ossuary)
  5 orc priests
  2 hounds (D:6)
  5 jellies
  A gnoll bouda (D:5)
  4 sleepcaps
  Natasha (thrice) (D:2)
  5 iguanas
  4 orc wizards
  2 mummies (Ossuary)
  11 gnolls
  9 adders
  A white imp (D:8)
  An ufetubus (D:4)
  An adder zombie (Ossuary)
  3 worms
  5 dart slugs
  27 orcs
  6 endoplasms
  2 giant cockroaches
  27 goblins
  16 hobgoblins
  2 jackals (D:3)
  5 quokkas
  3 ball pythons
  4 bats
  4 frilled lizards (D:2)
  A goblin zombie (Ossuary)
  8 hobgoblin zombies (Ossuary)
  2 jackal zombies
  10 kobolds
  12 kobold zombies (Ossuary)
  6 orc zombies (Ossuary)
  5 rats
  A rat zombie (Ossuary)
236 creatures vanquished.

Notes
Turn   | Place    | Note
-------+----------+-------------------------------------------
     0 | D:1      | edwardauron the Demigod Hunter began the quest for the Orb.
     0 | D:1      | Reached XP level 1. HP: 17/17 MP: 3/3
    40 | D:1      | Found Muusudu's Assorted Antiques.
   349 | D:1      | Reached XP level 2. HP: 24/24 MP: 4/4
   678 | D:1      | Found Ychaoli's General Store.
   706 | D:2      | Reached skill level 4 in Ranged Weapons
   723 | D:2      | You fall into a shaft and drop 1 floor!
   862 | D:2      | Identified the +0 ring mail of Misanthropy {rN+ Str+3}
   911 | D:2      | Reached XP level 3. HP: 29/29 MP: 5/5
   943 | D:2      | Noticed Natasha
   956 | D:2      | Killed Natasha
  1015 | D:2      | Reached XP level 4. HP: 35/37 MP: 6/6
  1047 | D:2      | Identified the +2 robe of the Flute {Int+4}
  1093 | D:2      | Noticed Natasha
  1102 | D:2      | Killed Natasha
  1261 | D:2      | Noticed Natasha
  1268 | D:2      | Killed Natasha
  1269 | D:2      | Reached skill level 5 in Ranged Weapons
  1367 | D:2      | Reached XP level 5. HP: 44/44 MP: 7/7
  1408 | D:2      | Identified the +4 whip "Niaquhurch" {flame, rC+ rN+++ Int-4
                  | Stlth+}
  1597 | D:2      | Found Saps's Distillery.
  1768 | D:3      | Found Reomymoh's Armour Shop.
  2072 | D:4      | Identified a scroll of acquirement
  2072 | D:4      | Acquired 932 gold pieces
  2206 | D:4      | Reached XP level 6. HP: 37/51 MP: 8/8
  2431 | D:4      | Found a staircase to the Ecumenical Temple.
  2913 | D:5      | Entered Level 5 of the Dungeon
  2938 | D:5      | Reached skill level 6 in Ranged Weapons
  3165 | D:5      | Reached XP level 7. HP: 47/59 MP: 9/9
  3436 | D:1      | Bought a scarf of resistance for 416 gold pieces
  3436 | D:1      | Bought a scroll of enchant weapon for 97 gold pieces
  3436 | D:1      | Bought a potion of heal wounds for 65 gold pieces
  3436 | D:1      | Bought a potion of haste for 130 gold pieces
  4157 | D:6      | Reached skill level 7 in Ranged Weapons
  4384 | D:6      | Reached XP level 8. HP: 67/67 MP: 10/10
  4679 | D:6      | Reached skill level 5 in Fighting
  4679 | D:6      | Reached skill level 5 in Dodging
  4839 | D:6      | Gained mutation: You are weak. (Str -2) [potion of
                  | mutation]
  4839 | D:6      | Gained mutation: You are partially covered in iridescent
                  | scales. (AC +2) [potion of mutation]
  4839 | D:6      | Lost mutation: You are weak. (Str -2) [potion of mutation]
  5100 | D:6      | Found Nekag's Armour Boutique.
  5109 | D:6      | Bought a +3 ring mail of fire resistance for 312 gold
                  | pieces
  5258 | D:7      | Found a sand-covered staircase.
  5268 | Ossuary  | Entered an ossuary
  5465 | Ossuary  | Reached skill level 8 in Ranged Weapons
  5465 | Ossuary  | Reached skill level 1 in Armour
  6289 | D:7      | Found Winkelried's Dragon-Slaying Spoils.
  6480 | D:7      | Reached XP level 9. HP: 55/75 MP: 11/11
  6585 | D:7      | Reached skill level 9 in Ranged Weapons
  7339 | D:8      | Found a flagged portal.
  7362 | Bailey   | Entered a bailey
  7869 | Bailey   | Noticed an orc warlord
  7916 | Bailey   | Reached skill level 10 in Ranged Weapons
  7978 | Bailey   | Got the Directory of the Winter and Dislocation
  8325 | D:8      | HP: 1/78 [acid dragon/splash of acid (26)]
  8328 | D:8      | Killed from afar by an acid dragon

Illustrated notes

Levels and vault maps discovered:
D:1:      amcnicky_arrival_single_pillar, layout_basic,
          ebering_ecumenical_altar_webs, serial_shops, shop, nicolae_shop_trees
D:2:      kennysheep_six_static_rooms, layout_basic, serial_shops, shop,
          basic_altar, uniq_natasha
D:3:      layout_rooms, serial_shops, nicolae_shop_pleasant_corner_grove
D:4:      layout_cave_pods, nzn_hepliaklqana_mist_gate, temple_statues
D:5:      layout_rooms, trog_hazing_becter, grunt_decor_one_mirror,
          dk_rats_in_the_wall
D:6:      layout_gridville, nemelex_spade_bored_becter, serial_shops,
          nicolae_lakefront_shop, minmay_chambers_of_fives
D:7:      layout_layer_cave, enter_ossuary_3, nicolae_shop_dragon_depot,
          minmay_door_square
D:8:      nzn_winding_woodlands_medium [nzn_winding_woodlands_5x5_default,
          nzn_winding_woodlands_5x15_sidewinder,
          nzn_winding_woodlands_5x5_default,
          nzn_winding_woodlands_5x5_closed_star,
          nzn_winding_woodlands_center_lodge, nzn_winding_woodlands_hourglass,
          nzn_winding_woodlands_5x5_checkerboard,
          nzn_winding_woodlands_5x15_pathside_ponds,
          nzn_winding_woodlands_5x5_default], layout_loops_ring,
          mainiacjoe_overflow_cross_hatched, enter_bailey_3,
          guppyfry_early_elven_hall

Skill      XL: |  1  2  3  4  5  6  7  8  9 |
---------------+----------------------------+-----
Fighting       | 2 3 4 5 6 |  6.7
Ranged Weapons | 4 5 6 7 8 10 | 10.0
Dodging        | 2 3 4 5 |  5.0
Armour         | 2 4 |  4.1
Stealth        | |  0.8

Action                     |  1- 3 |  4- 6 |  7- 9 || total
---------------------------+-------+-------+-------++-------
  Melee: Unarmed           |       |     3 |       ||     3
         Whip              |       |       |     2 ||     2
   Fire: Shortbow          |    84 |   224 |   602 ||   910
    Use: Scroll            |       |     4 |    15 ||    19
         Potion            |       |       |     9 ||     9
 Armour: Leather armour    |     4 |       |    20 ||    24
         Ring mail         |     9 |     4 |   112 ||   125
         Robe              |       |    18 |     1 ||    19
  Dodge: Dodged            |    22 |    54 |   267 ||   343

Table legend: (Time is in decaauts)
 A = Elapsed time spent in this place.
 B = Non-inter-level travel time spent in this place.
 C = Inter-level travel time spent in this place.
 D = Time resting spent in this place.
 E = Time spent auto-exploring this place.
 F = Levels seen in this place.
 G = Mean time per level.
                   A        B        C        D        E       F      G
               +--------+--------+--------+--------+--------+-----+--------+
         Total |   8403 |   7968 |    435 |   1269 |   5007 |  10 |  840.3 |
       Dungeon |   7439 |   7004 |    435 |   1079 |   4742 |   8 |  929.9 |
       Ossuary |    345 |    345 |      0 |     12 |    117 |   1 |  345.0 |
        Bailey |    619 |    619 |      0 |    178 |    148 |   1 |  619.0 |
               +--------+--------+--------+--------+--------+-----+--------+

Top non-repeatable levels by time:
     D:7: 1727 daAuts
     D:6: 1324 daAuts
     D:4: 1065 daAuts
     D:2: 895 daAuts
     D:5: 819 daAuts
     D:1: 730 daAuts
  Bailey: 619 daAuts
     D:3: 471 daAuts
     D:8: 406 daAuts
 Ossuary: 345 daAuts
